 Dungeon Crawl Stone Soup version 0.31-a0-180-g519b7de00c (webtiles) character file.

Game seed: 8853440096849285251

91 qw the Chopper (level 4, -8/28 HPs)
             Began as a Gargoyle Fighter on June 19, 2023.
             Blown up by Ijyb (20 damage)
             ... with a mindburst bolt
             ... on level 3 of the Dungeon.
             The game lasted 00:00:38 (1919 turns).

qw the Chopper (Gargoyle Fighter)                   Turns: 1919, Time: 00:00:38

Health: -8/28      AC: 15    Str: 21    XL:     4   Next: 57%
Magic:  4/4        EV:  7    Int:  9    God:
Gold:   87         SH:  4    Dex:  9    Spells: 3/3 levels left

rFire   . . .        Y - +0 war axe
rCold   . . .        c - +0 buckler
rNeg    + . .        l - +0 chain mail
rPois   inf          (no helmet)
rElec   +            (no cloak)
rCorr   .            (no gloves)
SInv    .            e - +2 pair of boots
Will    .....        j - amulet of regeneration Stlth
                     (no ring)
HPRegen 1.04/turn    (no ring)
MPRegen 0.09/turn

%: no passive effects
@: no status effects
A: sickness immunity, AC +3, negative energy resistance 1, electricity
resistance, torment resistance 1, petrification resistance
a: no special abilities


You were on level 3 of the Dungeon.
You visited 1 branch of the dungeon, and saw 3 of its levels.

You collected 113 gold pieces.
You spent 26 gold pieces at shops.


Innate Abilities, Weirdness & Mutations

You are immune to sickness and miasma.
Your stone body is resilient. (AC +3)
You are immune to poison.
You resist negative energy. (rN+)
You are resistant to electric shocks. (rElec)
You are resistant to unholy torment.
You are immune to petrification.


   Skills:
 - Level 3.2 Fighting
 + Level 4.0 Axes
 - Level 0.9 Throwing
 - Level 3.2 Armour
 - Level 3.2 Shields


You had 3 spell levels left.
You didn't know any spells.
Your spell library was empty.

Inventory:

Hand Weapons
 g - a +0 flail
 m - the +5 flail of Nolo Contendere {vamp, Str+5}
   (You found it on level 2 of the Dungeon)

   Str:       It affects your strength (+5).
 Y - a +0 war axe (weapon)
Armour
 c - a +0 buckler (worn)
 e - a +2 pair of boots (worn)
 l - a +0 chain mail (worn)
Jewellery
 f - a ring of fire
 j - an amulet of regeneration (around neck)
Scrolls
 h - 2 scrolls of identify
Potions
 d - a potion of might
 k - a potion of attraction {unknown}

Dungeon Overview and Level Annotations

Branches:
Dungeon (3/15)

Altars:

Shops:
D:2 *

Annotations:
D:3 Ijyb


Message History

The javelin pierces through the gnoll!
The gnoll is severely wounded.
You hear a shout! x3
You throw a javelin. The javelin barely misses the gnoll.
The javelin closely misses the gnoll.
You slash the gnoll!
You kill the gnoll!
The gnoll hits you with a +0 whip.
You closely miss the gnoll.
The gnoll is severely wounded.
The gnoll hits you with a +0 whip.
You slash the gnoll!
You kill the gnoll!
Your Axes skill increases to level 4!
You start resting.
HP restored.
Things that are here:
a +0 whip; a +0 club; a gnoll corpse Ijyb and a bat come into view.
Ijyb is wielding a +0 club and carrying a wand of mindburst (9).
Ijyb shouts!
You hear a shout! x2
Ijyb hits you but does no damage.
You slash Ijyb!
Ijyb is moderately wounded.
Ijyb hits you but does no damage.
A kobold comes into view. It is wielding a +0 whip.
Ijyb zaps a wand.
Your mind is blasted!
Ouch! That really hurt!
You barely miss Ijyb.
Ijyb is moderately wounded.
Ijyb hits you but does no damage.
You slash Ijyb!
Ijyb is severely wounded.
Ijyb hits you but does no damage.
A quokka comes into view.
You barely miss Ijyb.
Ijyb is severely wounded.
Ijyb zaps a wand.
Your mind is blasted!
Ouch! That really hurt!
You die...

# ..#.# .. ##....# #.##
. .....## ...######..
...... ........#
#.##..(. ##......#
....#.# ###
##......###.##.(.##.....
##..........##..@gbK.$..
##...%..######..###...r.
.......<# #......####
..#.....# ##)#####
#.########## #.# #.###
##.####.#
....#####.......#
#.#....[.....####
#)#######<..##


You could see Ijyb, a quokka, a bat and a kobold.

Vanquished Creatures
  5 gnolls
  An adder (D:2)
  A dart slug (D:3)
  4 bats
  6 endoplasms
  A giant cockroach (D:1)
  4 goblins (D:2)
  2 hobgoblins (D:2)
  A quokka (D:1)
  A ball python (D:1)
  A frilled lizard (D:2)
  2 kobolds (D:2)
  3 rats
32 creatures vanquished.

Notes
Turn   | Place    | Note
-------+----------+-------------------------------------------
     0 | D:1      | qw the Gargoyle Fighter began the quest for the Orb.
     0 | D:1      | Reached XP level 1. HP: 14/14 MP: 1/1
     0 | D:1      | 0 ||| qw: Version: 0.3-a-7-ge0c9b40
     0 | D:1      | 0 ||| qw: Game counter: 967
     0 | D:1      | 0 ||| qw: Always use a shield: true
     0 | D:1      | 0 ||| qw: God list: Okawaru
     0 | D:1      | 0 ||| qw: Allow faded altars: false
     0 | D:1      | 0 ||| qw: Do Orc after D:15 true
     0 | D:1      | 0 ||| qw: Do second Lair branch before Depths: true
     0 | D:1      | 0 ||| qw: Lair rune preference: random
     0 | D:1      | 0 ||| qw: Plans: Normal, Zot:1-4, Slime:5, God:TSO, Crypt,
                  | Tomb, Abyss, Pan, Hells, Win
     0 | D:1      | 0 ||| PLANNING D:1-11
    67 | D:1      | Reached skill level 2 in Axes
    92 | D:1      | You fall into a shaft and drop 1 floor!
   232 | D:1      | Reached XP level 2. HP: 19/19 MP: 2/2
   731 | D:2      | 731 ||| DROPPING +0 mace.
   788 | D:2      | Found Pynamy's General Store.
   794 | D:2      | Reached skill level 3 in Axes
   794 | D:2      | Reached XP level 3. HP: 14/23 MP: 3/3
   836 | D:2      | 836 ||| SHOPLISTING potion of enlightenment (65 gold, have
                  | 58).
   836 | D:2      | 836 ||| BUYING scroll of identify (26 gold).
   836 | D:2      | Bought a scroll of identify for 26 gold pieces
   981 | D:2      | 981 ||| Stepping ~*~*~tactically~*~*~ (stealth).
   982 | D:2      | 982 ||| Stepping ~*~*~tactically~*~*~ (stealth).
  1002 | D:2      | Identified the +5 flail of Nolo Contendere {vamp, Str+5}
  1273 | D:2      | 1273 ||| Stepping ~*~*~tactically~*~*~ (hiding).
  1281 | D:2      | Reached XP level 4. HP: 28/28 MP: 4/4
  1794 | D:2      | 1794 ||| UPGRADING to +2 pair of boots.
  1799 | D:2      | 1799 ||| UPGRADING to +0 chain mail.
  1809 | D:2      | 1809 ||| DROPPING +0 scale mail.
  1810 | D:2      | 1810 ||| DROPPING +1 pair of boots.
  1811 | D:2      | 1811 ||| UPGRADING to amulet of regeneration.
  1816 | D:2      | 1816 ||| READING scroll labelled WAEDWI GILI.
  1817 | D:2      | 1817 ||| READING scroll labelled OVOOPY ONASCHACH.
  1821 | D:2      | 1821 ||| READING scroll labelled MEOJEA SIDO.
  1822 | D:2      | 1822 ||| READING scroll labelled OKYROM POPLIE.
  1872 | D:3      | 1872 ||| Stepping ~*~*~tactically~*~*~ (hiding).
  1874 | D:3      | 1874 ||| Stepping ~*~*~tactically~*~*~ (hiding).
  1876 | D:3      | 1876 ||| Stepping ~*~*~tactically~*~*~ (hiding).
  1910 | D:3      | Reached skill level 4 in Axes
  1914 | D:3      | Noticed Ijyb
  1919 | D:3      | Blown up by Ijyb

Levels and vault maps discovered:
D:1:      eino_arrival_cavern_d, layout_basic
D:2:      layout_basic, serial_shops, nicolae_shop_rolling_square
D:3:      layout_loops_cross, grunt_temple_overflow_open, uniq_natasha,
          uniq_terence, uniq_ijyb

Skill      XL: |  1  2  3  4 |
---------------+-------------+-----
Axes           | 2 3 4 |  4.0
Fighting       | |  3.2
Throwing       | |  0.9
Armour         | |  3.2
Shields        | |  3.2

Action                     |  1- 3 |  4- 6 || total
---------------------------+-------+-------++-------
  Melee: War axe           |    66 |    15 ||    81
  Throw: Javelin           |       |     7 ||     7
    Use: Scroll            |       |     4 ||     4
 Armour: Scale mail        |    27 |     4 ||    31
         Chain mail        |       |     6 ||     6
  Dodge: Dodged            |    32 |     2 ||    34
  Block: Buckler           |    16 |       ||    16

Table legend:
 A = Non-vault XP
 B = Vault XP
 C = Vault XP percentage of total XP
 D = Non-vault monster count
 E = Vault monster count
 F = Vault count percentage of total count
                 A         B        C        D         E       F
            +---------+---------+-------+---------+---------+-------
      Total |     130 |       0 |   0.0 |      32 |       0 |   0.0
            +---------+---------+-------+---------+---------+-------
        D:1 |      17 |       0 |   0.0 |      10 |       0 |   0.0
        D:2 |      79 |       0 |   0.0 |      18 |       0 |   0.0
        D:3 |      34 |       0 |   0.0 |       4 |       0 |   0.0
            +---------+---------+-------+---------+---------+-------
